 Dungeon Crawl Stone Soup version 0.26-a0-52-gd53d4cd058 (webtiles) character file.

Game seed: 5634336733433295177

20394 Hasart the Blocker (level 13, -16/103 HPs)
             Began as a Formicid Fighter on June 6, 2020.
             Was an Elder of Ru.
             Demolished by a large abomination (33 damage)
             ... on level 1 of the Abyss.
             The game lasted 00:36:08 (12912 turns).

Hasart the Blocker (Formicid Fighter)              Turns: 12912, Time: 00:36:09

Health: -16/103    AC: 12    Str: 23    XL:     13   Next: 11%
Magic:  17/17      EV:  3    Int: 16    God:    Ru [****..]
Gold:   863        SH: 14    Dex: 17    Spells: 12/12 levels left

rFire    . . .     SeeInvis +   w - +5 scythe "Finisher" {speed, eviscerate}
rCold    + . .     Gourm    .   c - +1 kite shield
rNeg     . . .     Faith    +   B - +1 chain mail of the Morning {rPois Regen+ Str+5 Dex-2}
rPois    +         Spirit   .   (helmet unavailable)
rElec    .         Reflect  .   a - scarf {+Inv}
rCorr    .         Harm     .   A - -2 pair of gloves of the Rose {rC+ Regen+ Str-4 Dex+3}
MR       +....                  (no boots)
Stlth    ..........             y - amulet of faith
HPRegen  0.00/turn              g - +6 ring of intelligence
MPRegen  0.15/turn              v - +6 ring of dexterity

@: no scrolls, non-regenerating, diseased
A: permanent stasis, dig shafts and tunnels, four strong arms, antennae 3, weak
1, inability to read while threatened, no stealth, reduced EV 1, missing an eye
a: Dig, Shaft Self, Draw Out Power, Power Leap, Renounce Religion, Evoke
Invisibility


You were on level 1 of the Abyss.
You worshipped Ru.
Ru was greatly pleased with you.
You were not hungry.

You visited 4 branches of the dungeon, and saw 15 of its levels.
You visited the Abyss 1 time.
You also visited: Sewer and Ossuary.

You collected 863 gold pieces.

Inventory:

Hand Weapons
 w - the +5 scythe "Finisher" (weapon) {speed, eviscerate}
   (You found it on level 10 of the Dungeon)

   Attacks with this weapon are significantly faster.
 G - a +4 battleaxe
 H - a +3 flail
Missiles
 s - 7 javelins (quivered)
 E - 2 throwing nets
Armour
 a - a scarf of invisibility (worn)
 c - a +1 kite shield (worn)
 A - the -2 pair of gloves of the Rose (worn) {rC+ Regen+ Str-4 Dex+3}
   (You found it on level 5 of the Dungeon)

   It affects your strength (-4).
   It affects your dexterity (+3).
   It protects you from cold.
   It increases your rate of regeneration.
 B - the +1 chain mail of the Morning (worn) {rPois Regen+ Str+5 Dex-2}
   (You found it on level 9 of the Dungeon)

   It affects your strength (+5).
   It affects your dexterity (-2).
   It protects you from poison.
   It increases your rate of regeneration.
Jewellery
 g - a +6 ring of intelligence (left hand)
 v - a +6 ring of dexterity (right hand)
 y - an amulet of faith (around neck)
Wands
 b - a wand of acid (9)
 d - a wand of flame (55)
 r - a wand of enslavement (9)
Scrolls
 h - 2 scrolls of remove curse
 i - 6 scrolls of identify
 j - 2 scrolls of enchant armour
 m - 7 scrolls of amnesia
 t - a scroll of fear
Potions
 e - 6 potions of lignification
 l - a potion of flight {unknown}
 n - 3 potions of curing
 o - a potion of magic {unknown}
 q - 2 potions of mutation {unknown}
 u - 5 potions of haste
 x - 3 potions of heal wounds {unknown}
 z - 4 potions of ambrosia {unknown}
 D - 3 potions of brilliance {unknown}
Comestibles
 f - 22 rations


   Skills:
 + Level 10.2 Fighting
 - Level 9.4(9.9) Axes
 + Level 4.4(7.5) Polearms
 + Level 8.4 Throwing
 + Level 10.1 Armour
 + Level 11.2 Shields
 - Level 6.0 Evocations


You had 12 spell levels left.
You didn't know any spells.
Your spell library contained the following spells:

 Spells                   Type           Power        Failure   Level  Hunger
 Magic Dart               Conj           #...         80%         1    ##.....
 Searing Ray              Conj           #.....       91%         2    ###....
 Dazzling Flash           Conj/Hex       #.....       99%         3    ####...
 Fulminant Prism          Conj/Hex       #.........   100%        4    #####..
 Iskenderun's Mystic Bla  Conj/Tloc      #.......     100%        4    #####..


Dungeon Overview and Level Annotations

Branches:
Dungeon (11/15)            Temple (1/1) D:5            Lair (2/6) D:11
  Swamp (0/4) Lair:2          Orc (1/2) D:11          Sewer (visited)
Ossuary (visited)
  Snake: Lair:2-4    Spider: Lair:2-4

Altars:
Ashenzari
Cheibriados
Elyvilon
Fedhas
Gozag
Hepliaklqana
Kikubaaqudgha
Makhleb
Nemelex Xobeh
Ru
Uskayaw
Vehumet
Xom
Yredelemnul

Shops:
D:10 =

Annotations:
Lair:2 Sonja


Innate Abilities, Weirdness & Mutations

You cannot be hasted, slowed, berserked, paralysed or teleported.
You can dig through walls and to a lower floor.
Your four strong arms can wield two-handed weapons with a shield.
You have a pair of large antennae on your head. (SInv)
You are weak. (Str -2)
You cannot read scrolls while threatened.
You cannot be stealthy.
You have somewhat slow reflexes. (EV -5)
You are missing an eye, making it more difficult to aim.


Message History

Unknown command.
You barely miss the ancient zyme.
The ancient zyme is almost destroyed.
The large abomination completely misses you.
You block the ancient zyme's attack. x2; You feel ill.
Unknown command.
Your chain mail of the Morning prevents you from hitting the ancient zyme.
The ancient zyme is almost destroyed.
The large abomination hits you!
* * * LOW HITPOINT WARNING * * *
The ancient zyme hits you.
* * * LOW HITPOINT WARNING * * *
The ancient zyme hits you.
* * * LOW HITPOINT WARNING * * *
You feel ill.
You block the large abomination's attack.
You slash the ancient zyme!
You destroy the ancient zyme!
The large abomination hits you!!
You die...

..≈≈≈≈.≈.≈
#..≈≈ ....
##..≈≈.≈...
##.≈..≈.....
#(#..≈≈≈....
....#≈≈.≈..
#...≈≈≈...
#.@X.≈≈..≈≈
#..≈≈≈≈≈.≈≈
#..≈≈≈≈≈.≈≈≈
#..≈≈#.≈.≈≈≈
#...≈≈.≈.≈≈≈
#....≈. .≈
#.....#.....
#...........
##.#..#####


You could see a large abomination.

Vanquished Creatures
  A two-headed ogre (D:11)
  Erica (D:10)
  3 hydras
  A thrashing horror (Abyss:1)
  Pikel (D:7)
  2 ugly things (D:11)
  3 elephants (Lair:2)
  A gargoyle (D:11)
  2 rime drakes
  A komodo dragon (Lair:2)
  2 ancient zymes (Abyss:1)
  3 trolls (D:11)
  A tyrant leech (Lair:2)
  A raiju (Abyss:1)
  A large abomination (Abyss:1)
  A hippogriff (Lair:2)
  4 wraiths
  A fire bat (Abyss:1)
  18 yaks
  A steam dragon (D:7)
  A hungry ghost (D:11)
  2 wargs (Orc:1)
  2 swamp worms (Lair:2)
  4 water moccasins
  A porcupine (Lair:2)
  2 slaves (D:7)
  A hornet zombie (D:7)
  9 orc warriors
  4 sky beasts
  A black bear (D:6)
  A swamp drake (D:11)
  3 ice beasts
  3 wolves (D:11)
  2 centaurs
  4 ogres
  4 crocodiles
  An elf zombie (Ossuary)
  3 big kobolds
  Blork the orc (D:4)
  6 bullfrogs
  3 gnoll sergeants
  2 scorpions
  6 killer bees (D:7)
  17 wights
  5 howler monkeys
  An electric eel (D:11)
  3 crimson imps
  8 hounds
  A quasit (D:10)
  12 orc wizards
  6 orc priests
  A centaur skeleton (D:7)
  A jelly (D:5)
  A bullfrog skeleton (D:5)
  7 worker ants
  Natasha (thrice) (D:2)
  An iguana (D:7)
  5 small abominations (Abyss:1)
  A big kobold zombie (Ossuary)
  A hound skeleton (D:6)
  3 mummies (Ossuary)
  A worker ant zombie (D:10)
  10 gnolls
  13 adders
  3 shadow imps
  3 adder zombies
  2 adder skeletons
  4 worms
  A dart slug (D:2)
  9 leopard geckos
  49 orcs
  2 ball pythons
  11 bats
  6 giant cockroaches
  A gnoll zombie (Ossuary)
  10 goblins
  6 hobgoblins
  19 kobolds
  6 quokkas
  6 frilled lizards
  5 goblin zombies (Ossuary)
  2 hobgoblin zombies (Ossuary)
  A jackal skeleton (D:5)
  A jackal zombie (D:6)
  3 kobold zombies (Ossuary)
  2 quokka zombies
  13 rats
  2 rat zombies (Ossuary)
  A lurking horror (Abyss:1)
384 creatures vanquished.

Vanquished Creatures (others)
  A plant (Lair:1)
  4 toadstools (D:1)
5 creatures vanquished.

Grand Total: 389 creatures vanquished

Notes
Turn   | Place    | Note
-------+----------+-------------------------------------------
     0 | D:1      | Hasart the Formicid Fighter began the quest for the Orb.
     0 | D:1      | Reached XP level 1. HP: 18/18 MP: 1/1
   130 | D:1      | Reached XP level 2. HP: 24/24 MP: 2/2
   564 | D:1      | Reached XP level 3. HP: 29/29 MP: 3/3
   883 | D:2      | Reached skill level 4 in Shields
  1127 | D:2      | Reached XP level 4. HP: 28/37 MP: 4/4
  1242 | D:2      | Found an ancient bone altar of Kikubaaqudgha.
  1582 | D:2      | Reached XP level 5. HP: 37/42 MP: 5/5
  1741 | D:2      | Noticed Natasha
  1748 | D:2      | Killed Natasha
  1767 | D:2      | Noticed Natasha
  1773 | D:2      | Killed Natasha
  1955 | D:2      | Noticed Natasha
  1968 | D:2      | Killed Natasha
  2172 | D:3      | Reached XP level 6. HP: 48/48 MP: 6/6
  2412 | D:3      | Found a glowing drain.
  2416 | Sewer    | Entered a sewer
  2817 | D:3      | Found a burning altar of Makhleb.
  2827 | D:3      | Reached skill level 5 in Shields
  3937 | D:3      | Reached XP level 7. HP: 22/55 MP: 7/7
  4281 | D:4      | Noticed Blork the orc
  4294 | D:4      | Killed Blork the orc
  4294 | D:4      | Reached skill level 1 in Throwing
  4569 | D:4      | Found a sand-covered staircase.
  4574 | Ossuary  | Entered an ossuary
  4702 | Ossuary  | Reached skill level 5 in Axes
  5391 | D:5      | Entered Level 5 of the Dungeon
  5427 | D:5      | Reached skill level 5 in Fighting
  5427 | D:5      | Reached skill level 5 in Armour
  5427 | D:5      | Reached XP level 8. HP: 42/62 MP: 8/8
  5645 | D:5      | Found a staircase to the Ecumenical Temple.
  5704 | Temple   | Entered the Ecumenical Temple
  5723 | Temple   | Became a worshipper of Ru the Awakened
  6068 | D:5      | Found a blossoming altar of Fedhas.
  6294 | D:5      | Got a pair of smoking gloves
  6295 | D:5      | Identified the -2 pair of gloves of the Rose {rC+ Regen+
                  | Str-4 Dex+3} (You found it on level 5 of the Dungeon)
  6403 | D:5      | Reached skill level 6 in Shields
  6573 | D:5      | Found an opulent altar of Gozag.
  6575 | D:5      | Found a sparkling altar of Nemelex Xobeh.
  6575 | D:5      | Found a shattered altar of Ashenzari.
  6661 | D:4      | HP: 3/93 [orc warrior/+0 long sword (7)]
  7021 | D:5      | Reached XP level 9. HP: 12/69 MP: 9/9
  7204 | D:5      | Got a pitted great sword
  7210 | D:5      | Identified the cursed +1 great sword of Symmetry {freeze,
                  | rElec rC+ SInv} (You found it on level 5 of the Dungeon)
  7653 | D:6      | Gained mutation: You cannot read scrolls while threatened.
                  | [Ru sacrifice]
  7653 | D:6      | Reached * piety under Ru
  7805 | D:6      | Reached skill level 7 in Shields
  8361 | D:7      | Reached skill level 1 in Evocations
  8361 | D:7      | Reached XP level 10. HP: 50/77 MP: 10/10
  8556 | D:7      | Noticed Pikel
  8571 | D:7      | Killed Pikel
  8949 | D:8      | Found a radiant altar of Vehumet.
  8987 | D:7      | Reached skill level 5 in Throwing
  9006 | D:7      | Reached skill level 8 in Shields
  9257 | D:8      | Gained mutation: You cannot be stealthy. [Ru sacrifice]
  9257 | D:8      | Reached ** piety under Ru
  9503 | D:8      | Got a twisted ring mail
  9504 | D:8      | Identified the +1 ring mail "Lunk" {rPois rN+ MR- Dex+5}
                  | (You found it on level 8 of the Dungeon)
  9772 | D:9      | Got an ancient chain mail
  9773 | D:9      | Identified the +1 chain mail of the Morning {rPois Regen+
                  | Str+5 Dex-2} (You found it on level 9 of the Dungeon)
  9865 | D:9      | You fall into a shaft and drop 1 floor!
  9865 | D:10     | Entered Level 10 of the Dungeon
  9931 | D:10     | Found Muap's Jewellery Emporium.
 10023 | D:10     | Noticed Erica
 10029 | D:10     | Killed Erica
 10080 | D:10     | Gained mutation: You are weak. (Str -2) [Ru sacrifice]
 10093 | D:10     | Reached XP level 11. HP: 78/84 MP: 13/13
 10116 | D:10     | Found the +5 scythe "Finisher" {speed, eviscerate}
 10702 | D:11     | Noticed an eight-headed hydra
 10708 | D:11     | Killed an eight-headed hydra
 10708 | D:11     | Reached skill level 9 in Shields
 10954 | D:11     | Found a staircase to the Lair.
 11045 | D:11     | Found a staircase to the Orcish Mines.
 11111 | Orc:1    | Entered Level 1 of the Orcish Mines
 11131 | Orc:1    | Reached skill level 5 in Evocations
 11180 | Orc:1    | Gained mutation: You have somewhat slow reflexes. (EV -5)
                  | [Ru sacrifice]
 11180 | Orc:1    | Reached *** piety under Ru
 11180 | Orc:1    | Reached **** piety under Ru
 11308 | Orc:1    | Noticed an orc warlord
 11383 | D:11     | Noticed a two-headed ogre
 11413 | D:11     | Killed a two-headed ogre
 11617 | D:11     | Noticed a brown ugly thing
 11622 | D:11     | Killed a brown ugly thing
 11651 | D:11     | Reached XP level 12. HP: 83/94 MP: 16/16
 11663 | D:11     | Reached skill level 10 in Shields
 11728 | D:11     | Reached skill level 1 in Polearms
 12049 | Lair:1   | Entered Level 1 of the Lair of Beasts
 12061 | Lair:1   | You fall into a shaft and drop 1 floor!
 12170 | Lair:2   | Noticed a seven-headed hydra
 12170 | Lair:2   | Noticed a four-headed hydra
 12179 | Lair:2   | Killed a seven-headed hydra
 12187 | Lair:2   | Killed a four-headed hydra
 12298 | Lair:2   | Found a staircase to the Swamp.
 12512 | Lair:1   | Gained mutation: You are missing an eye, making it more
                  | difficult to aim. [Ru sacrifice]
 12587 | Lair:1   | You fall into a shaft and drop 1 floor!
 12587 | Lair:2   | Noticed Sonja
 12632 | Lair:2   | Reached skill level 10 in Fighting
 12632 | Lair:2   | Reached skill level 11 in Shields
 12641 | Lair:2   | Cast into level 1 of the Abyss (Sonja)
 12704 | Abyss:1  | Noticed a thrashing horror
 12707 | Abyss:1  | Killed a thrashing horror
 12707 | Abyss:1  | Reached skill level 10 in Armour
 12707 | Abyss:1  | Reached XP level 13. HP: 63/103 MP: 17/17
 12912 | Abyss:1  | Demolished by a large abomination

Illustrated notes

Levels and vault maps discovered:
D:1:      ldierk_walled_garden_2, layout_basic
D:2:      minmay_chambers_of_twos, layout_loops_ring, kiku_gazebo_garden_becter,
          uniq_natasha
D:3:      layout_basic, makhleb_heckhound_becter, gup_sewer_entry_spiral,
          serial_co_window_serial, co_window_paths_b, co_window_corner_a,
          co_window_of_opportunity_a, co_window_corner_a, co_window_paths_b,
          co_window_unsneaky_path_b, co_window_cross_2, co_window_cross_2,
          co_window_paths_d, glass_columns_a, glass_columns_a, glass_columns_a,
          glass_columns_c, glass_columns_c, minmay_circle_x
D:4:      layout_cave_pods, first_ration, enter_ossuary_5, uniq_blork_the_orc
D:5:      layout_loops_ring, fedhas_ov_isle_minmay,
          gammafunk_temple_overflow_claw, minmay_temple_entry_poolview,
          sword_in_stone
D:6:      layout_loops_ring
D:7:      wander_river, layout_loops_ring, uniq_pikel
D:8:      layout_cave_pools, vehumet_altar_wand_db, serial_column_ruins,
          column_ruins_columns_corner, column_ruins_columns_corner,
          column_ruins_open_small, column_ruins_columns_corner,
          blue_anna_alchemist [blue_anna_fruit_fields, blue_anna_fruit_fields]
D:9:      minmay_the_grid_4x2 [minmay_the_grid_expand,
          minmay_the_grid_holed_spiral, minmay_the_grid_minigrid_small_alt,
          minmay_the_grid_outer_diamond, minmay_the_grid_minigrid_small,
          minmay_the_grid_tree, minmay_the_grid_garden,
          minmay_the_grid_prize_trominoes], layout_irregular_city,
          lemuel_crystal_altar, nicolae_dithmenos_through_a_glass_darkly
D:10:     layout_basic, serial_shops, nicolae_shop_behind_doors,
          minmay_guarded_unrand_finisher, uniq_erica
D:11:     layout_roguey, erik_lair_island, erik_orc_1
Temple:   eino_temple_water
Lair:1:   layout_misc_corridors, chequers_serial_rivers_small_b
Lair:2:   layout_chaotic_city, palyth_hydra_swamp_entry, lemuel_fruit_fields,
          grunt_megastairs_3, uniq_sonja
Orc:1:    layout_diamond_mine, serial_shops, shop, uniq_nergalle, uniq_urug,
          uniq_harold
Abyss:1:  base:
D:11

Skill      XL: |  1  2  3  4  5  6  7  8  9 10 11 12 |
---------------+-------------------------------------+-----
Shields        | 4 5 6 7 8 9 11 | 11.2
Axes           | 3 4 5 6 8 9 |  9.4
Armour         | 4 5 6 7 8 10 | 10.1
Fighting       | 4 5 6 7 8 10 | 10.2
Throwing       | 1 3 4 5 6 8 |  8.4
Evocations     | 1 3 5 6 |  6.0
Polearms       | 4 |  4.4

Action                   |  1- 3 |  4- 6 |  7- 9 | 10-12 | 13-15 || total
-------------------------+-------+-------+-------+-------+-------++-------
Melee: War axe           |    80 |   227 |   395 |       |       ||   702
       Battleaxe         |       |       |    65 |   234 |       ||   299
       Scythe            |       |       |       |   381 |    46 ||   427
       Flail             |       |       |       |     9 |       ||     9
Throw: Javelin           |       |       |     5 |     2 |     1 ||     8
Invok: Sacrifice Words   |       |       |     1 |       |       ||     1
       Sacrifice Purity  |       |       |       |     1 |       ||     1
       Sacrifice Stealth |       |       |       |     1 |       ||     1
       Draw Out Power    |       |       |       |     4 |       ||     4
       Sacrifice Health  |       |       |       |     1 |       ||     1
       Sacrifice an Eye  |       |       |       |     1 |       ||     1
 Abil: Dig               |       |       |     1 |       |       ||     1
Evoke: Wand              |       |       |       |     9 |     1 ||    10
  Use: Potion            |       |     1 |     3 |       |       ||     4
       Scroll            |       |       |    12 |     3 |       ||    15
 Stab: Distracted        |       |       |     1 |     2 |       ||     3
       Invisible         |       |       |       |     8 |     2 ||    10
  Eat: Chunk             |     1 |     9 |     9 |    11 |       ||    30
       Ration            |       |       |     2 |     2 |     1 ||     5
Armor: Scale mail        |    34 |   112 |   127 |    36 |       ||   309
       Skin              |       |       |     2 |       |       ||     2
       Chain mail        |       |       |       |   139 |    15 ||   154
       Ring mail         |       |       |       |     5 |       ||     5
Dodge: Dodged            |    22 |    75 |   123 |   132 |     8 ||   360
Block: Kite shield       |    34 |   130 |   238 |   364 |    33 ||   799

Table legend:
 A = Non-vault XP
 B = Vault XP
 C = Vault XP percentage of total XP
 D = Non-vault monster count
 E = Vault monster count
 F = Vault count percentage of total count
                 A         B        C        D         E       F
            +---------+---------+-------+---------+---------+-------
      Total |   21308 |    7827 |  26.9 |     284 |      97 |  25.5
            +---------+---------+-------+---------+---------+-------
        D:1 |      36 |       0 |   0.0 |      19 |       0 |   0.0
        D:2 |     168 |      60 |  26.3 |      22 |       9 |  29.0
        D:3 |      89 |      90 |  50.3 |      20 |      15 |  42.9
        D:4 |      63 |     313 |  83.2 |       5 |       3 |  37.5
        D:5 |     765 |     232 |  23.3 |      19 |       3 |  13.6
        D:6 |     820 |       0 |   0.0 |      23 |       0 |   0.0
        D:7 |    1938 |     629 |  24.5 |      38 |       1 |   2.6
        D:8 |     715 |      99 |  12.2 |      23 |       2 |   8.0
        D:9 |      43 |       0 |   0.0 |       3 |       0 |   0.0
       D:10 |     765 |    1523 |  66.6 |      19 |       4 |  17.4
       D:11 |    6768 |    1465 |  17.8 |      37 |      26 |  41.3
     Lair:1 |    1930 |       0 |   0.0 |      10 |       0 |   0.0
     Lair:2 |    2835 |    3092 |  52.2 |      11 |       7 |  38.9
      Orc:1 |    1461 |       0 |   0.0 |      23 |       0 |   0.0
    Abyss:1 |    2912 |       0 |   0.0 |      12 |       0 |   0.0
      Sewer |       0 |     115 | 100.0 |       0 |       6 | 100.0
    Ossuary |       0 |     209 | 100.0 |       0 |      21 | 100.0
            +---------+---------+-------+---------+---------+-------
